 Dungeon Crawl Stone Soup version 0.23.1 (webtiles) character file.

Game seed: 8831585105205099512

99 Forgol the Cudgeler (level 4, -7/36 HPs)
             Began as a Demonspawn Gladiator on Mar 19, 2019.
             Killed from afar by an orc wizard (8 damage)
             ... with a puff of flame
             ... on level 3 of the Dungeon.
             The game lasted 00:05:58 (2674 turns).

Forgol the Cudgeler (Demonspawn Gladiator)          Turns: 2674, Time: 00:05:59

Health: -7/36      AC:  6    Str: 15    XL:     4   Next: 45%
Magic:  4/4        EV: 12    Int: 10    God:
Gold:   149        SH:  0    Dex: 14    Spells: 3/3 levels left

rFire    . . .     SeeInvis .   a - +0 flail
rCold    . . .     Gourm    .   (no shield)
rNeg     . . .     Faith    .   b - +0 leather armour
rPois    .         Spirit   .   c - +0 helmet
rElec    .         Reflect  .   i - scarf {cloud immunity}
rCorr    .         Harm     .   (no gloves)
MR       .....                  (no boots)
Stlth    +.........             (no amulet)
HPRegen  0.12/turn              (no ring)
MPRegen  0.09/turn              (no ring)

@: no status effects
A: talons 1, iridescent scales 1, robust 1
a: no special abilities


You were on level 3 of the Dungeon.
You were hungry.

You visited 1 branch of the dungeon, and saw 3 of its levels.

You collected 149 gold pieces.

Inventory:

Hand Weapons
 a - a +0 flail (weapon)
Missiles
 d - 3 throwing nets (quivered)
Armour
 b - a +0 leather armour (worn)
 c - a +0 helmet (worn)
 i - a scarf of cloud immunity (worn)
Scrolls
 e - a scroll of amnesia
 j - a scroll of teleportation {unknown}
 l - 2 scrolls of remove curse
Potions
 g - a potion of haste
 h - a potion of degeneration {unknown}
 m - a potion of resistance
Comestibles
 f - 2 rations


   Skills:
 - Level 2.0 Fighting
 + Level 4.8 Maces & Flails
 - Level 1.7 Throwing
 - Level 2.6 Dodging


You had 3 spell levels left.
You didn't know any spells.
Your spell library was empty.

Dungeon Overview and Level Annotations

Branches:
Dungeon (3/15)

Altars:


Innate Abilities, Weirdness & Mutations

You have sharp toenails.
You are partially covered in iridescent scales. (AC +2)
You are robust. (+10% HP)


Message History

You hit the orc wizard.
The orc wizard is almost dead.
The leopard gecko bites you but does no damage.
The orc wizard completely misses you. The goblin barely misses you.
The orc completely misses you. The leopard gecko barely misses you.
The orc wizard hits you but does no damage.
You hit the orc wizard but do no damage.
The orc wizard is almost dead.
The goblin hits you but does no damage.
The orc hits you from afar with a +0 trident.
* * * LOW HITPOINT WARNING * * *
The leopard gecko bites you but does no damage.
The orc wizard hits you with a +0 dagger.
* * * LOW HITPOINT WARNING * * *
The goblin hits you but does no damage. The leopard gecko bites you.
* * * LOW HITPOINT WARNING * * *
The orc barely misses you. The orc wizard casts a spell at you.
The puff of flame hits you!
You die...

########
#@l....#
#ogo<..#
#........#
##....####
#...##
....#
#.#...
#.##.# #.
#.#


You could see an orc wizard, an orc, a leopard gecko and a goblin.

Vanquished Creatures
  An adder (D:2)
  4 gnolls (D:2)
  An ooze (D:2)
  3 worms (D:2)
  A leopard gecko (D:1)
  2 orcs (D:2)
  A ball python (D:2)
  3 giant cockroaches
  5 goblins
  4 hobgoblins (D:1)
  5 bats
  A frilled lizard (D:2)
  6 kobolds
  3 rats
40 creatures vanquished.

Notes
Turn   | Place    | Note
-------+----------+-------------------------------------------
     0 | D:1      | Forgol the Demonspawn Gladiator began the quest for the
                  | Orb.
     0 | D:1      | Reached XP level 1. HP: 16/16 MP: 1/1
    81 | D:1      | Reached skill level 3 in Maces & Flails
   521 | D:1      | Gained mutation: You have sharp toenails. [demonic
                  | ancestry]
   521 | D:1      | Reached XP level 2. HP: 22/22 MP: 2/2
   843 | D:1      | Gained mutation: You are agile. (Dex +2) [potion of
                  | mutation]
   843 | D:1      | Lost mutation: You are agile. (Dex +2) [potion of mutation]
   843 | D:1      | Gained mutation: You are robust. (+10% HP) [potion of
                  | mutation]
  1629 | D:2      | Reached XP level 3. HP: 29/29 MP: 3/3
  1818 | D:2      | Reached skill level 4 in Maces & Flails
  1854 | D:2      | Gained mutation: You are partially covered in iridescent
                  | scales. (AC +2) [demonic ancestry]
  1854 | D:2      | Reached XP level 4. HP: 29/36 MP: 4/4
  2674 | D:3      | HP: 1/36 [leopard gecko (4)]
  2674 | D:3      | Killed from afar by an orc wizard

Skill      XL: |  1  2  3 |
---------------+----------+-----
Maces & Flails | 3 4 |  4.8
Fighting       | |  2.0
Throwing       | |  1.7
Dodging        | |  2.6

Action                   |  1- 3 |  4- 6 || total
-------------------------+-------+-------++-------
Melee: Flail             |    93 |    37 ||   130
       Kick              |    25 |    11 ||    36
  Use: Scroll            |     5 |       ||     5
       Potion            |     4 |       ||     4
 Stab: Sleeping          |     1 |       ||     1
  Eat: Chunk             |     3 |     2 ||     5
Armor: Leather armour    |    39 |    14 ||    53
Dodge: Dodged            |    73 |    37 ||   110
